[Event "XIX Najdorf Memorial 2019"]
[Site "Warsaw"]
[Date "2019.07.09"]
[Round "4.21"]
[White "Szustakowski, Antoni"]
[Black "Maj, Pawel"]
[Result "1-0"]
[ECO "E12"]
[WhiteElo "2279"]
[BlackElo "2127"]
[Annotator "NA"]
[PlyCount "119"]
[EventDate "2019.07.06"]
[EventType "swiss"]
[EventCountry "POL"]
[SourceTitle "playchess.com"]
[Source "ChessBase"]
[SourceQuality "1"]
[TimeControl "40/5400+30:1800+30"]

1. d4 Nf6 2. c4 e6 3. Nf3 b6 4. a3 Bb7 5. Nc3 d5 6. cxd5 Nxd5 7. e4 Nxc3 8. bxc3 Bxe4 9. Ne5 Nd7 10. Bb5 c6 11. Nxc6 Bxc6 12. Bxc6 Rc8 13. Ba4 Qc7 14. O-O a6 15. c4 Be7 16. Bb2 O-O 17. Rc1 Rfd8 18. Qg4 Nf6 19. Qh3 Qf4 20. Qe3 Qh4 21. h3 Bd6 22. Rc2 Qf4 23. Qxf4 Bxf4 24. g3 Bd6 25. Rfc1 Be7 26. Kg2 Kf8 27. Kf3 Ne8 28. Bb3 Bf6 29. Ke3 Rd7 30. a4 Nd6 31. g4 Nb7 32. Ba2 Rcd8 33. Rd1 e5 34. d5 a5 35. Ba3+ Nd6 36. c5 bxc5 37. Rxc5 Ra7 38. Rb1 Be7 39. Rc3 Nb7 40. Bxe7+ Kxe7 41. Rb6 Nd6 42. Rcc6 Rdd7 43. f4 f6 44. fxe5 fxe5 45. g5 Rac7 46. Bb3 Rxc6 47. dxc6 Rc7 48. Bd5 Nc8 49. Rb5 Kd6 50. Be4 h6 51. h4 hxg5 52. hxg5 Ra7 53. Rb7 Kc5 54. Kd3 g6 55. Rxa7 Nxa7 56. c7 Kd6 57. Bxg6 Kxc7 58. Bh7 Nc8 59. g6 e4+ 60. Kxe4 1-0

[Event "XIX Najdorf Memorial 2019"]
[Site "Warsaw"]
[Date "2019.07.09"]
[Round "4.22"]
[White "Lukasiewicz, Anna"]
[Black "Bus, Konrad"]
[Result "0-1"]
[ECO "B47"]
[WhiteElo "2062"]
[BlackElo "2264"]
[Annotator "NA"]
[PlyCount "52"]
[EventDate "2019.07.06"]
[EventType "swiss"]
[EventCountry "POL"]
[SourceTitle "playchess.com"]
[Source "ChessBase"]
[SourceQuality "1"]
[TimeControl "40/5400+30:1800+30"]

1. e4 c5 2. Nf3 Nc6 3. d4 cxd4 4. Nxd4 e6 5. Nc3 Qc7 6. Be2 a6 7. O-O Nf6 8. Kh1 Bc5 9. Nb3 Be7 10. f4 d6 11. Bf3 O-O 12. Qe2 b5 13. a3 Bb7 14. Be3 b4 15. axb4 Nxb4 16. Na5 d5 17. Nxb7 Qxb7 18. exd5 exd5 19. Bd4 Rfe8 20. Be5 Rad8 21. Rfe1 Bd6 22. Qf2 Bxe5 23. fxe5 Nd7 24. Na4 Nxe5 25. Nc5 Qb6 26. Rxa6 Nxa6 0-1

[Event "XIX Najdorf Memorial 2019"]
[Site "Warsaw"]
[Date "2019.07.09"]
[Round "4.23"]
[White "Krasiewicz, Robert"]
[Black "Antolak, Julia"]
[Result "1-0"]
[ECO "A15"]
[WhiteElo "2017"]
[BlackElo "2258"]
[Annotator "NA"]
[PlyCount "87"]
[EventDate "2019.07.06"]
[EventType "swiss"]
[EventCountry "POL"]
[SourceTitle "playchess.com"]
[Source "ChessBase"]
[SourceQuality "1"]
[TimeControl "40/5400+30:1800+30"]

1. c4 Nf6 2. g3 e6 3. Bg2 Be7 4. Nf3 O-O 5. O-O d5 6. b3 d4 7. e3 c5 8. exd4 cxd4 9. d3 Nc6 10. Re1 Nd7 11. Na3 e5 12. Nc2 a5 13. Rb1 Qc7 14. a3 Nc5 15. b4 Na4 16. Bd2 axb4 17. axb4 Bf6 18. h3 Bf5 19. b5 Nd8 20. Qe2 e4 21. dxe4 d3 22. Qxd3 Nc5 23. Qd5 Be6 24. Qh5 Nd3 25. Red1 g6 26. Qh6 Bg7 27. Qh4 Bxc4 28. Ncd4 Re8 29. Bh6 Bh8 30. Bf1 Ne5 31. Rbc1 Ra4 32. Nxe5 Bxe5 33. Nf3 Bxg3 34. Qxg3 Qxg3+ 35. fxg3 Bxf1 36. Rxf1 Raxe4 37. Ng5 R4e7 38. Rc8 f5 39. Rd1 Nf7 40. Rxe8+ Rxe8 41. Nxf7 Kxf7 42. Rd7+ Re7 43. Rxe7+ Kxe7 44. b6 1-0

[Event "XIX Najdorf Memorial 2019"]
[Site "Warsaw"]
[Date "2019.07.09"]
[Round "4.24"]
[White "Sliwerski, Radoslaw"]
[Black "Czopor, Maciej"]
[Result "0-1"]
[ECO "E20"]
[WhiteElo "2010"]
[BlackElo "2250"]
[Annotator "NA"]
[PlyCount "136"]
[EventDate "2019.07.06"]
[EventType "swiss"]
[EventCountry "POL"]
[SourceTitle "playchess.com"]
[Source "ChessBase"]
[SourceQuality "1"]
[TimeControl "40/5400+30:1800+30"]

1. d4 Nf6 2. c4 e6 3. Nc3 Bb4 4. g3 c5 5. Nf3 Nc6 6. Bg2 Ne4 7. Bd2 Bxc3 8. bxc3 O-O 9. O-O Na5 10. dxc5 Qc7 11. Bf4 Qxc5 12. Ne5 Nxc4 13. Qd4 Qxd4 14. cxd4 Nxe5 15. dxe5 f5 16. exf6 Nxf6 17. Bd6 Rf7 18. Rad1 Ne8 19. Be5 Kf8 20. Rd2 a5 21. Rc1 Ke7 22. Rdc2 d6 23. Rxc8 Rxc8 24. Rxc8 dxe5 25. Bxb7 Nd6 26. Rc7+ Kd8 27. Rxf7 Nxf7 28. f3 Nd6 29. Ba6 Kc7 30. Kf2 Kb6 31. Bd3 h6 32. Ke3 Kc5 33. Bh7 Nc4+ 34. Kd3 Nb6 35. Bg8 Kd6 36. e4 Ke7 37. f4 Kf6 38. h4 g6 39. fxe5+ Kxe5 40. Bf7 Kf6 41. Be8 e5 42. a3 g5 43. Bh5 Ke6 44. hxg5 hxg5 45. Bd1 Kd6 46. Kc3 Kc5 47. Be2 Nd7 48. Bh5 Nb6 49. Be2 Nc8 50. Bd3 Nd6 51. a4 Ne8 52. Be2 Nf6 53. Kd3 Kb4 54. Bd1 Nd7 55. Ke3 Nc5 56. Kf3 Nxa4 57. Kg4 Nb2 58. Bc2 Kc3 59. Bb1 a4 60. Kxg5 a3 61. Kf5 Nd3 62. Ba2 Nc1 63. g4 Nxa2 64. g5 Nb4 65. g6 a2 66. g7 Nc6 67. Kf6 a1=Q 68. g8=Q Qf1+ 0-1

[Event "XIX Najdorf Memorial 2019"]
[Site "Warsaw"]
[Date "2019.07.09"]
[Round "4.25"]
[White "Terletsky, Oleg"]
[Black "Adamski, Jan"]
[Result "1-0"]
[ECO "B43"]
[WhiteElo "2408"]
[BlackElo "2183"]
[Annotator "NA"]
[PlyCount "53"]
[EventDate "2019.07.06"]
[EventType "swiss"]
[EventCountry "POL"]
[SourceTitle "playchess.com"]
[Source "ChessBase"]
[SourceQuality "1"]
[TimeControl "40/5400+30:1800+30"]

1. e4 c5 2. Nf3 e6 3. d4 cxd4 4. Nxd4 a6 5. Nc3 Qc7 6. Bd3 Nf6 7. O-O d6 8. Kh1 Nbd7 9. f4 b5 10. Qe2 Bb7 11. Bd2 Be7 12. b4 O-O 13. a4 bxa4 14. Rxa4 Nb6 15. Ra3 d5 16. e5 Ne4 17. Nxe4 dxe4 18. Bxe4 Bxe4 19. Qxe4 Nc4 20. Rh3 g6 21. Bc3 Rac8 22. f5 Nxe5 23. f6 Qc4 24. Kg1 Bd6 25. Rxh7 Kxh7 26. Qh4+ Kg8 27. Qh6 1-0

[Event "XIX Najdorf Memorial 2019"]
[Site "Warsaw"]
[Date "2019.07.09"]
[Round "4.26"]
[White "Lukasiewicz, Krzysztof"]
[Black "Krishna Teja, N."]
[Result "0-1"]
[ECO "B12"]
[WhiteElo "2172"]
[BlackElo "2368"]
[Annotator "NA"]
[PlyCount "58"]
[EventDate "2019.07.06"]
[EventType "swiss"]
[EventCountry "POL"]
[SourceTitle "playchess.com"]
[Source "ChessBase"]
[SourceQuality "1"]
[TimeControl "40/5400+30:1800+30"]

1. e4 c6 2. d4 d5 3. e5 Bf5 4. Nf3 e6 5. Be2 c5 6. Be3 cxd4 7. Nxd4 Ne7 8. O-O Nbc6 9. Bb5 Bg6 10. c4 a6 11. cxd5 Qxd5 12. Qa4 Rc8 13. Nc3 Qxe5 14. Rfd1 axb5 15. Ndxb5 Nd5 16. Nxd5 exd5 17. Bf4 Qxb2 18. Nc7+ Rxc7 19. Qa8+ Nd8 20. Bxc7 Be7 21. Bxd8 O-O 22. Rac1 Rxd8 23. Rc8 Rxc8 24. Qxc8+ Bf8 25. h3 d4 26. Re1 Qc3 27. Qe8 d3 28. Re3 Qc1+ 29. Kh2 d2 0-1

[Event "XIX Najdorf Memorial 2019"]
[Site "Warsaw"]
[Date "2019.07.09"]
[Round "4.27"]
[White "Akesson, Ralf"]
[Black "Budnik, Mateusz"]
[Result "1/2-1/2"]
[ECO "E17"]
[WhiteElo "2365"]
[BlackElo "2106"]
[Annotator "NA"]
[PlyCount "113"]
[EventDate "2019.07.06"]
[EventType "swiss"]
[EventCountry "POL"]
[SourceTitle "playchess.com"]
[Source "ChessBase"]
[SourceQuality "1"]
[TimeControl "40/5400+30:1800+30"]

1. d4 Nf6 2. c4 e6 3. Nf3 b6 4. g3 Bb7 5. Bg2 Be7 6. O-O O-O 7. Re1 d5 8. cxd5 exd5 9. Nc3 Nbd7 10. Bf4 Ne4 11. Rc1 Nxc3 12. bxc3 Nf6 13. Ne5 Ne4 14. c4 Bb4 15. Rf1 Ba3 16. Rc2 f6 17. Nd3 dxc4 18. Rxc4 Bd6 19. Bc1 f5 20. Nf4 Qd7 21. Qb3 Qf7 22. Rc2 Qxb3 23. axb3 Rfc8 24. f3 Nf6 25. Bh3 g6 26. e4 fxe4 27. Be6+ Kg7 28. Bxc8 Rxc8 29. fxe4 Nxe4 30. Ne6+ Kg8 31. Ng5 Nxg5 32. Bxg5 Bd5 33. Rb2 a5 34. Bf4 Bb4 35. Be5 c5 36. Rbb1 Be4 37. Rbc1 Bd2 38. Bf4 Bxc1 39. Rxc1 Bd5 40. dxc5 bxc5 41. Bd2 Bxb3 42. Bxa5 c4 43. Kf2 Kf7 44. Bc3 Rc7 45. Re1 Rd7 46. Re4 Ra7 47. h4 Ra2+ 48. Re2 Ra4 49. Re1 Ra7 50. Re4 Rc7 51. Re2 Bd1 52. Ra2 Bg4 53. Bd4 Ke6 54. Ke3 Rf7 55. Ra6+ Kd5 56. Ra5+ Ke6 57. Ke4 {Ke5+} 1/2-1/2

[Event "XIX Najdorf Memorial 2019"]
[Site "Warsaw"]
[Date "2019.07.09"]
[Round "4.28"]
[White "Malynovskyi, Rostyslav"]
[Black "Malek, Daniel"]
[Result "0-1"]
[ECO "D38"]
[WhiteElo "2156"]
[BlackElo "2362"]
[Annotator "NA"]
[PlyCount "160"]
[EventDate "2019.07.06"]
[EventType "swiss"]
[EventCountry "POL"]
[SourceTitle "playchess.com"]
[Source "ChessBase"]
[SourceQuality "1"]
[TimeControl "40/5400+30:1800+30"]

1. d4 Nf6 2. c4 e6 3. Nf3 d5 4. Nc3 Bb4 5. cxd5 exd5 6. Bg5 h6 7. Bxf6 Qxf6 8. Qa4+ Nc6 9. e3 O-O 10. Be2 Be6 11. O-O a6 12. Rfc1 Bd6 13. Qd1 Ne7 14. a3 g5 15. Ne1 Qg7 16. b4 c6 17. Na4 Rad8 18. Nd3 Ng6 19. Ndc5 Bc8 20. Nb6 f5 21. Nxc8 Bxc5 22. Rxc5 Rxc8 23. Qd3 f4 24. Bh5 Ne7 25. Bg4 Rce8 26. Re1 Nc8 27. Bxc8 Rxc8 28. e4 Qg6 29. Rc2 Rce8 30. Rce2 Re6 31. f3 Rfe8 32. Qb3 Kg7 33. e5 h5 34. Qc2 g4 35. Qxg6+ Kxg6 36. Kf2 Kf5 37. a4 Ra8 38. a5 Rg8 39. Rh1 Reg6 40. Rc2 R8g7 41. Ra2 Rg8 42. Rc2 Rb8 43. Rhc1 Ke6 44. Rc3 Rbg8 45. g3 fxg3+ 46. hxg3 gxf3 47. Rxf3 Rg4 48. Rd1 h4 49. gxh4 Rxh4 50. Ke2 Rgg4 51. Rfd3 Rg2+ 52. Kf3 Rb2 53. Kg3 Rh6 54. Ra3 Rxb4 55. Rdd3 Rh1 56. Rab3 Rb5 57. Kg2 Rh4 58. Kg3 Rxb3 59. Rxb3 Rxd4 60. Rxb7 Kxe5 61. Rb6 Ra4 62. Rxa6 c5 63. Ra8 Ke4 64. a6 c4 65. a7 Kd3 66. Rd8 Rxa7 67. Rxd5+ Kc2 68. Kf3 Re7 69. Rd8 c3 70. Rc8 Kd2 71. Rd8+ Kc1 72. Rc8 c2 73. Kf2 Re5 74. Kf1 Kd2 75. Rd8+ Kc3 76. Rc8+ Kd3 77. Kf2 Re4 78. Rd8+ Rd4 79. Rc8 Rc4 80. Rd8+ Kc3 0-1

[Event "XIX Najdorf Memorial 2019"]
[Site "Warsaw"]
[Date "2019.07.09"]
[Round "4.29"]
[White "Jacobsen, Mikkel Manosri"]
[Black "Shkliar, Boris"]
[Result "0-1"]
[ECO "A04"]
[WhiteElo "2343"]
[BlackElo "2160"]
[Annotator "NA"]
[PlyCount "72"]
[EventDate "2019.07.06"]
[EventType "swiss"]
[EventCountry "POL"]
[SourceTitle "playchess.com"]
[Source "ChessBase"]
[SourceQuality "1"]
[TimeControl "40/5400+30:1800+30"]

1. Nf3 f5 2. d4 Nf6 3. g3 g6 4. Bg2 Bg7 5. O-O O-O 6. c4 d6 7. Qc2 Qe8 8. Nc3 h6 9. b3 e5 10. dxe5 dxe5 11. Ba3 Rf7 12. Nh4 Kh7 13. e4 f4 14. gxf4 Nh5 15. f5 gxf5 16. exf5 Bf6 17. Ng6 Nc6 18. Ne2 Ng7 19. Be4 Bxf5 20. Bxf5 Nxf5 21. Nf8+ Kg8 22. Ng3 Nh4 23. Qe4 Rxf8 24. Bxf8 Qxf8 25. Kh1 Bg5 26. f4 exf4 27. Nh5 f3 28. Rad1 Re8 29. Qg4 Ne5 30. Qe4 Qf7 31. Ng3 c6 32. Rd6 Kg7 33. Qd4 Kh7 34. Qxa7 Re7 35. Ne4 Qf4 36. Nxg5+ Qxg5 0-1

[Event "XIX Najdorf Memorial 2019"]
[Site "Warsaw"]
[Date "2019.07.09"]
[Round "4.30"]
[White "Pettersson, Alexander"]
[Black "Godzwon, Iwo"]
[Result "0-1"]
[ECO "E10"]
[WhiteElo "2083"]
[BlackElo "2285"]
[Annotator "NA"]
[PlyCount "102"]
[EventDate "2019.07.06"]
[EventType "swiss"]
[EventCountry "POL"]
[SourceTitle "playchess.com"]
[Source "ChessBase"]
[SourceQuality "1"]
[TimeControl "40/5400+30:1800+30"]

1. d4 Nf6 2. c4 e6 3. Nf3 c5 4. d5 b5 5. Bg5 exd5 6. cxd5 h6 7. Bxf6 Qxf6 8. Qc2 d6 9. e4 a6 10. a4 b4 11. Be2 Nd7 12. Nbd2 g5 13. Nc4 Bg7 14. a5 O-O 15. O-O Qe7 16. Rae1 Bb7 17. Nfd2 Ne5 18. f4 Ng6 19. fxg5 hxg5 20. Bg4 Ne5 21. Bf5 Nxc4 22. Nxc4 Bd4+ 23. Kh1 Kg7 24. Qd1 Rad8 25. Qg4 Rh8 26. g3 f6 27. Be6 Bc8 28. Bxc8 Rxc8 29. Rf5 Rcd8 30. Ref1 Rh6 31. Kg2 Re8 32. Re1 Rg6 33. b3 Rh8 34. Rh1 Rh4 35. gxh4 gxh4 36. Qxg6+ Kxg6 37. Kf3 Qf8 38. h3 Qh6 39. Re1 Kf7 40. Kg4 Qg6+ 41. Kf3 Qg3+ 42. Ke2 Qxb3 43. Nxd6+ Ke7 44. Nc8+ Kd8 45. Nb6 Qe3+ 46. Kf1 Qxh3+ 47. Ke2 Qg2+ 48. Kd1 b3 49. Re2 Qg1+ 50. Re1 b2 51. Rxg1 b1=Q+ 0-1

[Event "XIX Najdorf Memorial 2019"]
[Site "Warsaw"]
[Date "2019.07.09"]
[Round "4.31"]
[White "Rakshitta Ravi"]
[Black "Bednarczyk, Damian"]
[Result "1-0"]
[ECO "B24"]
[WhiteElo "2112"]
[BlackElo "2256"]
[Annotator "NA"]
[PlyCount "81"]
[EventDate "2019.07.06"]
[EventType "swiss"]
[EventCountry "POL"]
[SourceTitle "playchess.com"]
[Source "ChessBase"]
[SourceQuality "1"]
[TimeControl "40/5400+30:1800+30"]

1. e4 c5 2. Nc3 Nc6 3. Bb5 e6 4. Bxc6 bxc6 5. d3 Ne7 6. e5 Ng6 7. f4 Be7 8. Ne4 Qc7 9. Nf3 f6 10. exf6 gxf6 11. f5 exf5 12. Ng3 d5 13. Qd2 h5 14. Qf2 Bd6 15. Ne2 h4 16. Bd2 Be6 17. O-O-O Kd7 18. Rde1 Rae8 19. Rhf1 Qb8 20. Nfg1 Ne5 21. h3 d4 22. Kb1 Qb5 23. Nf4 Bf7 24. Nf3 Rb8 25. Bc1 Ng4 26. hxg4 Bxf4 27. Nxd4 cxd4 28. Qxf4 Qd5 29. Qxf5+ Qxf5 30. Rxf5 Bd5 31. Rxf6 Rbg8 32. g5 Bxg2 33. Rf7+ Kd6 34. Bf4+ Kc5 35. Rb7 a5 36. Re5+ Bd5 37. a3 Rf8 38. Rf5 a4 39. b4+ axb3 40. cxb3 Rxf5 41. b4# 1-0

[Event "XIX Najdorf Memorial 2019"]
[Site "Warsaw"]
[Date "2019.07.09"]
[Round "4.32"]
[White "Zochowski, Kacper"]
[Black "Jarocka, Liwia"]
[Result "1-0"]
[ECO "A20"]
[WhiteElo "2251"]
[BlackElo "2102"]
[Annotator "NA"]
[PlyCount "119"]
[EventDate "2019.07.06"]
[EventType "swiss"]
[EventCountry "POL"]
[SourceTitle "playchess.com"]
[Source "ChessBase"]
[SourceQuality "1"]
[TimeControl "40/5400+30:1800+30"]

1. c4 e5 2. g3 Nc6 3. Bg2 f5 4. d3 Nf6 5. Nf3 Bb4+ 6. Nc3 Bxc3+ 7. bxc3 d6 8. Bg5 O-O 9. O-O Qe8 10. Ne1 f4 11. e3 h6 12. Bxf6 Rxf6 13. Rb1 Rb8 14. Qe2 fxg3 15. fxg3 Rxf1+ 16. Qxf1 Ne7 17. Nc2 c6 18. e4 Be6 19. Bh3 Qd7 20. Bxe6+ Qxe6 21. Qe2 b6 22. Ne3 Rf8 23. a4 g6 24. Kg2 Kg7 25. Qg4 Qxg4 26. Nxg4 Nc8 27. Ne3 Rf7 28. Nc2 Rc7 29. Kf3 Ne7 30. Nb4 Ng8 31. Ke2 Nf6 32. Ra1 c5 33. Nc2 Rf7 34. Ne3 h5 35. a5 bxa5 36. Rxa5 Rb7 37. Ra6 Rd7 38. Nc2 Ne8 39. Na3 Kf6 40. Nb5 Ke7 41. Nxa7 Nf6 42. Nb5 Ng4 43. h3 Nf6 44. Ra8 Ke6 45. Ke3 Nh7 46. Ra6 Ng5 47. h4 Nf7 48. d4 cxd4+ 49. cxd4 exd4+ 50. Kxd4 Ke7 51. Kd5 Rd8 52. Ra7+ Rd7 53. Ra8 Nd8 54. Ra7 Rxa7 55. Nxa7 Kd7 56. e5 Nb7 57. Nc6 Kc7 58. e6 Nc5 59. Nd4 Nd3 60. Nb5+ 1-0

[Event "XIX Najdorf Memorial 2019"]
[Site "Warsaw"]
[Date "2019.07.10"]
[Round "5.1"]
[White "Shevchenko, Kirill"]
[Black "Fedorov, Alexei"]
[Result "1/2-1/2"]
[ECO "A45"]
[WhiteElo "2536"]
[BlackElo "2551"]
[Annotator "ChessBase"]
[PlyCount "128"]
[EventDate "2019.07.06"]
[EventType "swiss"]
[EventCountry "POL"]
[SourceTitle "playchess.com"]
[Source "ChessBase"]
[SourceQuality "1"]
[TimeControl "40/5400+30:1800+30"]

1. d4 Nf6 2. Bf4 c5 3. e3 Nd5 4. Bg3 Qb6 5. Nc3 Nxc3 6. bxc3 Qa5 7. Qd2 d6 8. Nf3 g6 9. Bc4 Bg7 10. O-O Nd7 11. Rfe1 Nb6 12. Bf1 O-O 13. a4 Bd7 14. Reb1 Rfc8 15. Bh4 Kf8 16. Bb5 Rab8 17. Qe1 h6 18. Bg3 a6 19. Bxd7 Nxd7 20. Rb3 Rc7 21. Qb1 Nf6 22. c4 cxd4 23. exd4 Ne4 24. c5 Nxg3 25. cxd6 Ne2+ 26. Kf1 exd6 27. Kxe2 Qd5 28. Ra2 Bxd4 29. Nxd4 Qxd4 30. Kf1 Re8 31. Rd3 Qc4 32. Qb3 Qf4 33. g3 Qc1+ 34. Kg2 Re1 35. Qb2 Qxb2 36. Rxb2 Re2 37. Rxd6 Rcxc2 38. Rxc2 Rxc2 39. Rb6 Rc7 40. Kf3 Re7 41. g4 Rc7 42. Kg3 Rc4 43. Rxb7 Rxa4 44. Rb6 Ra1 45. h4 a5 46. Ra6 a4 47. h5 gxh5 48. gxh5 a3 49. Kf4 a2 50. Kf5 Kg7 51. f4 Rh1 52. Rxa2 Rxh5+ 53. Kg4 Rh1 54. Kf5 Rh5+ 55. Kg4 Rb5 56. Rh2 f5+ 57. Kh4 Rb4 58. Rf2 Rb1 59. Ra2 Rh1+ 60. Kg3 Rg1+ 61. Kf3 h5 62. Ra7+ Kh6 63. Ra6+ Rg6 64. Rxg6+ Kxg6 1/2-1/2

[Event "XIX Najdorf Memorial 2019"]
[Site "Warsaw"]
[Date "2019.07.10"]
[Round "5.1"]
[White "Kanarek, Marcel"]
[Black "Baum, Jonasz"]
[Result "1-0"]
[ECO "B19"]
[WhiteElo "2493"]
[BlackElo "2308"]
[Annotator "ChessBase"]
[PlyCount "73"]
[EventDate "2019.07.06"]
[EventType "swiss"]
[EventCountry "POL"]
[SourceTitle "playchess.com"]
[Source "ChessBase"]
[SourceQuality "1"]
[TimeControl "40/5400+30:1800+30"]

1. e4 c6 2. d4 d5 3. Nc3 dxe4 4. Nxe4 Bf5 5. Ng3 Bg6 6. h4 h6 7. Nf3 Nd7 8. h5 Bh7 9. Bd3 Bxd3 10. Qxd3 e6 11. Bd2 Ngf6 12. O-O-O a5 13. Kb1 a4 14. Rde1 Be7 15. Nh4 O-O 16. Ngf5 exf5 17. Nxf5 Nd5 18. c4 Bf6 19. cxd5 cxd5 20. Bb4 Re8 21. Rxe8+ Qxe8 22. Re1 Qd8 23. Qg3 Qb6 24. a3 Kh8 25. Nd6 Kg8 26. Nf5 Kh8 27. Re7 Qc6 28. Rxf7 Rc8 29. Qd3 Qc1+ 30. Ka2 Rc2 31. Bc3 Nc5 32. Qb5 Kh7 33. Qxc5 b6 34. Qb4 Rxf2 35. Rxf6 Rf1 36. Rxh6+ Kg8 37. Rh8+ 1-0

[Event "XIX Najdorf Memorial 2019"]
[Site "Warsaw"]
[Date "2019.07.10"]
[Round "5.2"]
[White "Harsha Bharathakoti"]
[Black "Bebel, Arkadiusz"]
[Result "1-0"]
[ECO "B07"]
[WhiteElo "2486"]
[BlackElo "2290"]
[Annotator "ChessBase"]
[PlyCount "61"]
[EventDate "2019.07.06"]
[EventType "swiss"]
[EventCountry "POL"]
[SourceTitle "playchess.com"]
[Source "ChessBase"]
[SourceQuality "1"]
[TimeControl "40/5400+30:1800+30"]

1. e4 d6 2. d4 Nf6 3. Nc3 Nbd7 4. Nf3 e5 5. Be2 Be7 6. g4 h6 7. Rg1 c6 8. Be3 Qa5 9. Qd2 b5 10. Bd3 b4 11. Ne2 d5 12. Nxe5 Nxe5 13. dxe5 Nxe4 14. Bxe4 dxe4 15. Nd4 Bd7 16. e6 Bxe6 17. Nxc6 Qc7 18. Nxe7 Qxe7 19. Qd4 O-O 20. g5 hxg5 21. Rxg5 f6 22. Rc5 Rad8 23. Qxe4 Rfe8 24. Rd1 Rxd1+ 25. Kxd1 Qd6+ 26. Kc1 Qa6 27. b3 Qxa2 28. Rc8 Kf7 29. Rxe8 Qa1+ 30. Kd2 Qc3+ 31. Ke2 1-0

[Event "XIX Najdorf Memorial 2019"]
[Site "Warsaw"]
[Date "2019.07.10"]
[Round "5.3"]
[White "Yuffa, Daniil"]
[Black "Heberla, Bartlomiej"]
[Result "0-1"]
[ECO "D30"]
[WhiteElo "2582"]
[BlackElo "2534"]
[Annotator "ChessBase"]
[PlyCount "44"]
[EventDate "2019.07.06"]
[EventType "swiss"]
[EventCountry "POL"]
[SourceTitle "playchess.com"]
[Source "ChessBase"]
[SourceQuality "1"]
[TimeControl "40/5400+30:1800+30"]

1. d4 d5 2. c4 e6 3. Nf3 a6 4. Bg5 Be7 5. Bxe7 Qxe7 6. Nbd2 Nf6 7. g3 O-O 8. Bg2 c5 9. cxd5 exd5 10. dxc5 Qxc5 11. O-O Nc6 12. Nb3 Qb6 13. Qc1 Re8 14. e3 Ne4 15. Rd1 Bg4 16. Qc2 Ne5 17. Nxe5 Bxd1 18. Nd7 Qxb3 19. Qxd1 Qb5 20. Qg4 h5 21. Qf5 Nd6 22. a4 Qc6 0-1

[Event "XIX Najdorf Memorial 2019"]
[Site "Warsaw"]
[Date "2019.07.10"]
[Round "5.3"]
[White "Jarmula, Lukasz"]
[Black "Szustakowski, Antoni"]
[Result "1-0"]
[ECO "D45"]
[WhiteElo "2480"]
[BlackElo "2279"]
[Annotator "ChessBase"]
[PlyCount "81"]
[EventDate "2019.07.06"]
[EventType "swiss"]
[EventCountry "POL"]
[SourceTitle "playchess.com"]
[Source "ChessBase"]
[SourceQuality "1"]
[TimeControl "40/5400+30:1800+30"]

1. d4 d5 2. c4 e6 3. Nf3 c6 4. e3 Nf6 5. Nc3 a6 6. c5 Nbd7 7. Bd2 b6 8. cxb6 Nxb6 9. Bd3 c5 10. O-O Bb7 11. Qe2 cxd4 12. exd4 Bd6 13. Ne5 O-O 14. Bg5 Be7 15. Rac1 a5 16. Nb5 h6 17. Bf4 Nc4 18. Nxc4 dxc4 19. Bxc4 Rc8 20. Be5 Qb6 21. a4 Rfd8 22. b3 Bc6 23. Rfd1 Qb7 24. f3 Qb6 25. Kh1 Nd7 26. Bg3 Nf8 27. Bf2 Qb8 28. Be1 Qa8 29. Bg3 Rd7 30. Bd3 Bxb5 31. axb5 Rxc1 32. Rxc1 Rxd4 33. Bf2 Rd8 34. Be4 Qb8 35. b6 Bg5 36. Rd1 f5 37. Bc6 Rc8 38. Qb5 Bf4 39. g3 Bd6 40. b7 Rd8 41. Bb6 1-0

[Event "XIX Najdorf Memorial 2019"]
[Site "Warsaw"]
[Date "2019.07.10"]
[Round "5.4"]
[White "Noe, Christopher"]
[Black "Jakubowski, Krzysztof"]
[Result "1-0"]
[ECO "D37"]
[WhiteElo "2534"]
[BlackElo "2528"]
[Annotator "ChessBase"]
[PlyCount "83"]
[EventDate "2019.07.06"]
[EventType "swiss"]
[EventCountry "POL"]
[SourceTitle "playchess.com"]
[Source "ChessBase"]
[SourceQuality "1"]
[TimeControl "40/5400+30:1800+30"]

1. d4 Nf6 2. c4 e6 3. Nf3 d5 4. Nc3 Nbd7 5. e3 a6 6. c5 c6 7. b4 g6 8. Bb2 Bg7 9. Be2 O-O 10. O-O Qe7 11. a4 Rd8 12. b5 a5 13. Nd2 e5 14. Nb3 e4 15. Nb1 h5 16. Bc3 Nf8 17. Bxa5 Re8 18. Bb6 Bf5 19. a5 cxb5 20. Nc3 Ne6 21. Nxb5 Ng4 22. Nd6 Bh6 23. h3 Qg5 24. hxg4 hxg4 25. Bb5 Re7 26. Re1 g3 27. Qd2 gxf2+ 28. Qxf2 Bh3 29. Kf1 Bg4 30. Be2 f5 31. Bxg4 fxg4 32. Qg3 Ng7 33. Ke2 Nh5 34. Qf2 g3 35. Qg1 Rf8 36. Kd2 Rf2+ 37. Kc3 Nf4 38. exf4 Qxf4 39. a6 bxa6 40. Qh1 e3 41. Bd8 Re6 42. Qh3 1-0

[Event "XIX Najdorf Memorial 2019"]
[Site "Warsaw"]
[Date "2019.07.10"]
[Round "5.5"]
[White "Tomczak, Jacek"]
[Black "Menezes, Christoph"]
[Result "1-0"]
[ECO "B94"]
[WhiteElo "2623"]
[BlackElo "2413"]
[Annotator "RC"]
[PlyCount "67"]
[EventDate "2019.07.06"]
[EventType "swiss"]
[EventCountry "POL"]
[SourceTitle "playchess.com"]
[Source "ChessBase"]
[SourceQuality "1"]
[TimeControl "40/5400+30:1800+30"]

1. e4 c5 2. Nf3 d6 3. d4 cxd4 4. Nxd4 Nf6 5. Nc3 a6 6. Bg5 Nbd7 7. a4 Qc7 8. a5 e6 9. Be2 Be7 10. Nb3 O-O 11. O-O b5 12. axb6 Nxb6 13. Qd4 e5 14. Qe3 h6 15. Bxf6 Bxf6 16. Bd3 Rd8 17. Rfb1 Bb7 18. Na5 Bc8 19. Nb3 Bb7 20. Na5 Bc8 21. Nd5 Nxd5 22. exd5 Bd7 23. Qf3 Be7 24. Bf5 Be8 25. Nc6 Bxc6 26. dxc6 d5 27. Bd7 d4 28. c3 a5 29. cxd4 exd4 30. Qd5 Bf6 31. g3 Rdb8 32. Ra4 Ra7 33. Re1 g6 34. Ra3 1-0

[Event "XIX Najdorf Memorial 2019"]
[Site "Warsaw"]
[Date "2019.07.10"]
[Round "5.6"]
[White "Czopor, Maciej"]
[Black "Roseneck, Jonas"]
[Result "0-1"]
[ECO "B90"]
[WhiteElo "2250"]
[BlackElo "2398"]
[Annotator "NA"]
[PlyCount "108"]
[EventDate "2019.07.06"]
[EventType "swiss"]
[EventCountry "POL"]
[SourceTitle "playchess.com"]
[Source "ChessBase"]
[SourceQuality "1"]
[TimeControl "40/5400+30:1800+30"]

1. e4 c5 2. Nf3 d6 3. d4 cxd4 4. Nxd4 Nf6 5. Nc3 a6 6. Be3 e5 7. Nb3 Be6 8. Qd2 Nbd7 9. f3 h5 10. Nd5 Bxd5 11. exd5 g6 12. Be2 Bg7 13. O-O b6 14. a4 Qc7 15. a5 b5 16. Rfd1 O-O 17. Rac1 Qb7 18. Na1 Rac8 19. h3 Rfe8 20. c4 bxc4 21. Bxc4 e4 22. f4 Nc5 23. Nc2 Nd3 24. Bxd3 exd3 25. Qxd3 Qxb2 26. Bd4 Qb7 27. Bxf6 Bxf6 28. Rb1 Qc7 29. Nb4 Qxa5 30. Nc6 Qc5+ 31. Kh1 Ra8 32. f5 Re3 33. Qf1 g5 34. Qg1 Rae8 35. Rbc1 Qa3 36. Re1 Kg7 37. Rxe3 Rxe3 38. Qd1 Rd3 39. Qf1 Rxd5 40. Rb1 a5 41. Qe2 Qc3 42. Qe8 Rxf5 43. Rb8 Rf1+ 44. Kh2 Be5+ 45. Nxe5 Qxe5+ 46. Qxe5+ dxe5 47. Rb5 Kf6 48. Rxa5 Kf5 49. Rb5 h4 50. Rc5 Kf4 51. Rc4+ e4 52. Ra4 f5 53. Ra8 Rd1 54. Rb8 Rd4 0-1

[Event "XIX Najdorf Memorial 2019"]
[Site "Warsaw"]
[Date "2019.07.10"]
[Round "5.7"]
[White "Romanishin, Oleg M"]
[Black "Sedlak, Nikola"]
[Result "1/2-1/2"]
[ECO "A40"]
[WhiteElo "2443"]
[BlackElo "2586"]
[Annotator "ChessBase"]
[PlyCount "40"]
[EventDate "2019.07.06"]
[EventType "swiss"]
[EventCountry "POL"]
[SourceTitle "playchess.com"]
[Source "ChessBase"]
[SourceQuality "1"]
[TimeControl "40/5400+30:1800+30"]

1. d4 e6 2. Nf3 f5 3. g3 Nf6 4. Bg2 d5 5. Bf4 Be7 6. O-O Ne4 7. c4 c6 8. Nbd2 Nd7 9. Ne5 O-O 10. Rc1 Nxe5 11. Bxe5 Nd6 12. Bxd6 Bxd6 13. e3 Bd7 14. Qb3 Qb6 15. Qc2 Qd8 16. Qb3 Qb8 17. Nf3 b5 18. c5 Bc7 19. Ne1 g5 20. f4 h6 1/2-1/2